 Dungeon Crawl Stone Soup version 0.30-a0-364-gf6b3ef1049 (webtiles) character file.

Game seed: 11849848296801767448

1690 mopl the Magician (level 8, -3/52 HPs)
             Began as a Mummy Fire Elementalist on Nov 14, 2022.
             Slain by a wight
             ... wielding a +0 war axe
              (9 damage)
             ... on level 6 of the Dungeon.
             The game lasted 00:09:58 (5009 turns).

mopl the Magician (Mummy Fire Elementalist)         Turns: 5009, Time: 00:10:00

Health: -3/52      AC:  9    Str: 11    XL:     8   Next: 72%
Magic:  15/26      EV: 12    Int: 17    God:
Gold:   209        SH:  0    Dex: 15    Spells: 5/19 levels left

rFire   x . .      SeeInvis .    a - +2 dagger (venom)
rCold   + . .      Faith    +    (no shield)
rNeg    + + +      Spirit   .    m - +2 robe "Temacaar" {Dex+3 Stlth+}
rPois   ∞          Reflect  .    f - +0 helmet
rElec   .          Harm     .    (no cloak)
rCorr   .          Rampage  .    (no gloves)
Will    +....                    (no boots)
Stlth   +++.......               (no amulet)
HPRegen 0.28/turn                i - +4 ring of protection
MPRegen 0.20/turn                q - ring of magical power

@: no status effects
A: cold resistance 1, negative energy resistance 3, torment resistance 2, heat
vulnerability 1, in touch with death 1, no potions, faith
a: no special abilities


You were on level 6 of the Dungeon.
You visited 1 branch of the dungeon, and saw 6 of its levels.
You also visited: Sewer.

You collected 382 gold pieces.
You spent 173 gold pieces at shops.

Inventory:

Hand Weapons
 a - a +2 dagger of venom (weapon)
 o - a +2 dagger of draining
 w - a +0 battleaxe of flaming
Missiles
 g - 4 boomerangs
 h - 30 poisoned darts
Armour
 f - a +0 helmet (worn)
 m - the +2 robe "Temacaar" (worn) {Dex+3 Stlth+}
   (You found it on level 3 of the Dungeon)

   Dex:       It affects your dexterity (+3).
   Stlth:     It makes you more stealthy.
Jewellery
 i - a +4 ring of protection (left hand)
 q - a ring of magical power (right hand)
 s - the ring "Seah" {Wiz Slay+3 Stlth+}
   (You found it on level 6 of the Dungeon)

   [ring of wizardry]

   It improves your spell success rate.
   Slay:      It affects your accuracy & damage with ranged weapons and melee
   (+3).
   Stlth:     It makes you more stealthy.
Wands
 k - a wand of acid (16)
 t - a wand of polymorph (6)
 u - a wand of charming (7)
 v - a wand of mindburst (24)
Scrolls
 b - 5 scrolls of teleportation
 c - a scroll of vulnerability
 d - 5 scrolls of identify
 e - a scroll of fear
 j - 3 scrolls of poison
 l - 3 scrolls of amnesia
 n - 2 scrolls of brand weapon
 p - a scroll of fog
 r - a scroll of silence {!r}


   Skills:
 - Level 1.5 Dodging
 - Level 1.5 Stealth
 + Level 6.1 Spellcasting
 * Level 5.3 Conjurations
 + Level 2.3 Translocations
 * Level 5.8 Fire Magic
 - Level 2.0 Air Magic
 + Level 1.0 Evocations


You had 5 spell levels left.
You knew the following spells:

 Your Spells              Type           Power      Damage    Failure   Level
a - Iskenderun's Mystic   Conj/Tloc      18%        2d6       26%         4
b - Scorch                Fire           50%        2d7       1%          2
c - Kindle Blastsparks    Fire/Tloc/Air  32%        2d12      10%         3
d - Flame Wave            Conj/Fire      24%        2d8       13%         4
e - Foxfire               Conj/Fire      96%        2x1d8     1%          1

Your spell library contained the following spells:

 Spells                   Type           Power      Damage    Failure   Level
 Inner Flame              Hex/Fire       15%        N/A       12%         3
 Freeze                   Ice            20%        1d4       13%         1
 Dazzling Flash           Conj/Hex       28%        N/A       13%         3
 Hailstorm                Conj/Ice       14%        3d5       13%         3
 Frozen Ramparts          Ice            10%        1d2       36%         3
 Starburst                Conj/Fire      12%        6d5       89%         6
 Summon Hydra             Summ           2%         N/A       100%        7
 Sublimation of Blood     Necr           Unusable   N/A       N/A         2
 Wereblood                Tmut           Unusable   N/A       N/A         2

Dungeon Overview and Level Annotations

Branches:
Dungeon (6/15)              Sewer (visited)
 Temple: D:4-7

Altars:
Fedhas
Gozag
Qazlal
Sif Muna

Shops:
D:2 *   D:4 ?

Annotations:
D:5 2 runed translucent doors, minbekrie's ghost, amateur TrMo


Innate Abilities, Weirdness & Mutations

You are immune to poison.
Your flesh is cold resistant. (rC+)
You are immune to negative energy. (rN+++)
You are immune to unholy pain and torment.
You are vulnerable to heat. (rF-)
You are in touch with the powers of death.
You do not drink.
You have a special connection with the divine. (Faith)


Message History

The wight's fire resistance burns away.
Flames lash the wight.
The wight is heavily damaged.
The wight's fire resistance burns away.
The wight closely misses you.
Flames lash the wight.
The wight is burned terribly!
The wight is severely damaged.
A wight comes into view. It is wielding a +3 falchion.
The wight hits you with a +0 long sword!
Flames lash the wight.
The wight is burned terribly!
You destroy the wight!
The wight hits you but does no damage.
Flames lash the wight.
The wight is burned terribly!
You destroy the wight!
Your Evocations skill increases to level 1!
Flames lash the wight.
The wight is lightly damaged.
The wight's fire resistance burns away.
A hound comes into view.
The wight hits you with a +0 scimitar. The wight hits you with a +0 scimitar.
The wight is no longer more vulnerable to fire.
The hound pauses to sniff the ground.
The wight attacks as you move away! The wight hits you with a +3 falchion!
The wight attacks as you move away! The wight barely misses you.
The wight attacks as you move away! The wight hits you with a +3 falchion.
The wight attacks as you move away! The wight closely misses you.
The wight attacks as you move away! The wight hits you with a +0 war axe.
The wight attacks as you move away! The wight hits you with a +0 war axe.
* * * LOW HITPOINT WARNING * * *
The hound attacks as you move away! The hound barely misses you.
As you read the scroll of fear, it crumbles to dust.
You assume a fearsome visage.
The hound looks frightened!
The wight is unaffected. x3; The wight hits you with a +0 war axe!
* * * LOW HITPOINT WARNING * * *
Aiming: Charm
Press: ? - help, Shift-Dir - straight line, f - wight
Aim: a wight, wielding a +0 war axe and wearing a +0 robe (chance to affect: 50%)
The wight resists with significant effort.
The wight hits you with a +0 war axe!
You die...

#...#z## #.#.....#
###....###.#....!#
###...##.##..###
#.#.##.##.##
#.#[...#..#
#.####.z.## #.#
#....z######### #.#
#......##.....##
#..##...h...@...)..##
## #.......z....)<..#
#............)...#
#.#................#
#.#................#
#.#................#
#.#................#
#.....)...........##
#..##.....##.....##


You could see a hound (fleeing) and 3 wights.

Vanquished Creatures
  An ice beast (D:6)
  An ogre (D:5)
  2 centaurs (D:5)
  3 kobold brigands (Sewer)
  2 necrophages (D:5)
  A scorpion (D:5)
  6 wights (D:6)
  2 howler monkeys
  3 hounds
  A jelly (D:4)
  2 orc priests
  Natasha (thrice) (D:3)
  An iguana (D:6)
  2 orc wizards
  6 adders
  3 gnolls (D:5)
  A white imp (D:6)
  2 ufetubi
  2 worms
  3 dart slugs
  19 orcs
  13 endoplasms
  8 giant cockroaches
  9 hobgoblins
  8 jackals
  6 quokkas
  7 ball pythons
  5 bats
  7 frilled lizards
  10 goblins
  17 kobolds
  16 rats
172 creatures vanquished.

Vanquished Creatures (others)
  8 foxfires
8 creatures vanquished.

Grand Total: 180 creatures vanquished

Notes
Turn   | Place    | Note
-------+----------+-------------------------------------------
     0 | D:1      | mopl the Mummy Fire Elementalist began the quest for the
                  | Orb.
     0 | D:1      | Reached XP level 1. HP: 13/13 MP: 4/4
    52 | D:1      | Reached skill level 1 in Conjurations
   126 | D:1      | Reached skill level 3 in Spellcasting
   136 | D:1      | Reached XP level 2. HP: 15/19 MP: 6/6
   139 | D:1      | Learned a level 2 spell: Scorch
   422 | D:2      | Gained mutation: You are in touch with the powers of death.
                  | [Mummy growth]
   422 | D:2      | Reached XP level 3. HP: 24/24 MP: 2/7
   515 | D:2      | Learned a level 3 spell: Kindle Blastsparks
  1017 | D:1      | Reached skill level 3 in Fire Magic
  1511 | D:2      | Reached XP level 4. HP: 30/30 MP: 2/9
  1521 | D:2      | Found Oxukhog's Assorted Antiques.
  1529 | D:2      | Bought a scroll labelled KOPI HIENTU for 25 gold pieces
  1529 | D:2      | Bought a jewelled gold wand for 100 gold pieces
  1796 | D:3      | Learned a level 4 spell: Flame Wave
  1872 | D:3      | Identified the +2 robe "Temacaar" {Dex+3 Stlth+}
  1909 | D:3      | Reached skill level 2 in Conjurations
  1987 | D:3      | Found a blossoming altar of Fedhas.
  2010 | D:3      | Noticed Natasha
  2053 | D:3      | Killed Natasha
  2054 | D:3      | Reached skill level 1 in Air Magic
  2088 | D:3      | Found an opulent altar of Gozag.
  2270 | D:3      | Noticed Natasha
  2279 | D:3      | Killed Natasha
  2280 | D:3      | Reached XP level 5. HP: 30/35 MP: 4/10
  2437 | D:3      | Noticed Natasha
  2445 | D:3      | Killed Natasha
  2521 | D:3      | Reached skill level 1 in Translocations
  2723 | D:4      | Reached skill level 4 in Spellcasting
  2777 | D:4      | Reached XP level 6. HP: 41/41 MP: 6/12
  2822 | D:4      | Found a glowing drain.
  2834 | Sewer    | Entered a sewer
  2908 | Sewer    | Reached skill level 3 in Conjurations
  2976 | Sewer    | Reached skill level 4 in Fire Magic
  3025 | Sewer    | Reached XP level 7. HP: 39/46 MP: 13/13
  3166 | D:4      | Found Lanaq's Magic Scroll Shoppe.
  3175 | D:4      | Bought a scroll of fog for 48 gold pieces
  3281 | D:4      | Found a shimmering blue altar of Sif Muna.
  3566 | D:5      | Entered Level 5 of the Dungeon
  3582 | D:5      | Reached skill level 2 in Translocations
  3582 | D:5      | Reached skill level 2 in Air Magic
  3827 | D:5      | Reached skill level 4 in Conjurations
  3886 | D:5      | Reached skill level 5 in Spellcasting
  3908 | D:5      | Found a runed translucent door.
  3909 | D:5      | Noticed minbekrie's ghost (amateur TrMo)
  3929 | D:5      | Found a runed translucent door.
  3944 | D:5      | Reached XP level 8. HP: 46/52 MP: 9/15
  4136 | D:5      | Reached skill level 5 in Fire Magic
  4595 | D:6      | Identified the ring "Seah" {Wiz Slay+3 Stlth+}
  4651 | D:6      | Reached skill level 5 in Conjurations
  4662 | D:6      | Learned a level 4 spell: Iskenderun's Mystic Blast
  4810 | D:6      | Reached skill level 6 in Spellcasting
  4970 | D:6      | Found a stormy altar of Qazlal.
  4990 | D:6      | Reached skill level 1 in Evocations
  5009 | D:6      | Slain by a wight

Illustrated notes

Levels and vault maps discovered:
D:1:      zelgadis_glass_arrival_small, layout_basic, minmay_rat_gold_closets
D:2:      layout_basic, serial_shops, shop, hangedman_decor_riveting,
          eino_tiny_chamber
D:3:      layout_basic, nicolae_gozag_seed_capital, fedhas_altar_1,
          kennysheep_flooded_box, uniq_natasha
D:4:      layout_cave_pools, mainiacjoe_overflow_alcove_2, gup_sewer_entry_pipe,
          serial_shops, nicolae_stop_n_shop_2
D:5:      layout_cave_pods, serial_column_ruins, column_ruins_grid_2,
          column_ruins_open_tiny, column_ruins_open_medium,
          column_ruins_open_medium, column_ruins_open_large,
          ebering_ghost_sewer_f
D:6:      layout_rooms, mainiacjoe_overflow_alcove_1,
          minmay_temple_entry_poolview

Skill      XL: |  1  2  3  4  5  6  7  8 |
---------------+-------------------------+-----
Conjurations   | 1 2 3 4 5 |  5.3
Spellcasting   | 3 4 5 6 |  6.1
Fire Magic     | 3 4 5 |  5.8
Air Magic      | 1 2 |  2.0
Translocations | 1 2 |  2.3
Evocations     | 1 |  1.0
Dodging        | |  1.5
Stealth        | |  1.5

Action                   |  1- 3 |  4- 6 |  7- 9 || total
-------------------------+-------+-------+-------++-------
Melee: Unarmed           |    31 |       |       ||    31
       Short sword       |    59 |    20 |       ||    79
       Dagger            |       |   108 |   147 ||   255
       Punch             |       |     3 |     1 ||     4
 Cast: Foxfire           |     7 |       |     1 ||     8
       Scorch            |    35 |    31 |    71 ||   137
       Kindle Blastspark |       |       |     2 ||     2
       Iskenderun's Myst |       |       |     1 ||     1
Evoke: Wand              |       |       |     1 ||     1
  Use: Scroll            |       |     6 |     2 ||     8
 Stab: Sleeping          |     2 |     6 |     3 ||    11
       Distracted        |       |       |     1 ||     1
Armor: Robe              |    27 |    56 |    88 ||   171
Dodge: Dodged            |    86 |    79 |   123 ||   288

Table legend: (Time is in decaauts)
 A = Elapsed time spent in this place.
 B = Non-inter-level travel time spent in this place.
 C = Inter-level travel time spent in this place.
 D = Time resting spent in this place.
 E = Time spent auto-exploring this place.
 F = Levels seen in this place.
 G = Mean time per level.
                   A        B        C        D        E       F      G
               +--------+--------+--------+--------+--------+-----+--------+
         Total |   5043 |   4878 |    165 |    559 |   2924 |   7 |  720.4 |
       Dungeon |   4739 |   4574 |    165 |    559 |   2769 |   6 |  789.8 |
         Sewer |    304 |    304 |      0 |      0 |    155 |   1 |  304.0 |
               +--------+--------+--------+--------+--------+-----+--------+

Top non-repeatable levels by time:
     D:2: 1039 daAuts
     D:5: 942 daAuts
     D:3: 914 daAuts
     D:1: 759 daAuts
     D:4: 662 daAuts
     D:6: 420 daAuts
   Sewer: 304 daAuts
